 Dungeon Crawl Stone Soup version 0.25.1-8-g42b30a86e7 (webtiles) character file.

Game seed: 6677210556368439047

1909 Snicker the Changer (level 9, 0/55 HPs)
             Began as an Octopode Transmuter on Dec 15, 2020.
             Was an Initiate of Gozag.
             Slain by a sky beast (5 damage)
             ... on level 7 of the Dungeon.
             The game lasted 00:09:18 (8543 turns).

Snicker the Changer (Octopode Transmuter)           Turns: 8543, Time: 00:09:19

Health: 0/55       AC:  0    Str:  9    XL:     9   Next: 16%
Magic:  12/15      EV: 15    Int: 19    God:    Gozag
Gold:   414        SH:  0    Dex: 16    Spells: 3/16 levels left

rFire    x . .     SeeInvis +     - Unarmed
rCold    . . .     Gourm    .   (shield currently unavailable)
rNeg     . . .     Faith    .   t - -1 hat "Weru" {+Inv rF- Dex+4} (curse)
rPois    .         Spirit   .   (no amulet)
rElec    .         Reflect  .   m - ring of see invisible
rCorr    .         Harm     .   (no ring)
MR       .....                  (no ring)
Stlth    ++++......             (no ring)
HPRegen  0.18/turn              (no ring)
MPRegen  0.14/turn              (no ring)
                                (no ring)
                                (no ring)

@: blade tentacles (expiring)
A: almost no armour, stealthy swim, amphibious, 8 rings, constrict 8, camouflage
1, gelatinous body 1
a: End Transformation, Potion Petition, Call Merchant, Bribe Branch, Renounce
Religion, Evoke Invisibility


You were on level 7 of the Dungeon.
You worshipped Gozag.
Gozag was aware of your devotion.
You were very hungry.
You had blades for tentacles.
You visited 2 branches of the dungeon, and saw 8 of its levels.

You collected 479 gold pieces.
You paid 65 gold pieces to Gozag.

Inventory:

Hand Weapons
 a - the +9 mace "Wasyseh" (melded) {freeze, rPois Str+4}
   (You found it on level 4 of the Dungeon)

   It has been specially enchanted to freeze those struck by it, causing extra
   injury to most foes and up to half again as much damage against particularly
   susceptible opponents.
   It can also slow down cold-blooded creatures.
   It affects your strength (+4).
   It protects you from poison.
 k - a +3 quarterstaff of chaos
Missiles
 q - 75 arrows
 s - 3 atropa-tipped darts (quivered)
 u - 2 throwing nets
Armour
 t - the cursed -1 hat "Weru" (worn) {+Inv rF- Dex+4}
   (You found it on level 7 of the Dungeon)

   It affects your dexterity (+4).
   It makes you vulnerable to fire.
   It lets you turn invisible.
   It has a curse placed upon it.
Jewellery
 m - a ring of see invisible (left scythe-like blade)
Wands
 i - a wand of random effects (10)
 o - a wand of paralysis (1)
Scrolls
 b - a scroll of fog
 e - 7 scrolls of identify
 f - 2 scrolls of enchant weapon {unknown}
 g - a scroll of magic mapping {unknown}
 h - 7 scrolls of remove curse
 n - a scroll of fear {unknown}
 p - 5 scrolls of teleportation {unknown}
Potions
 d - a potion of resistance
 j - 2 potions of brilliance
 l - a potion of might
 r - a potion of ambrosia {unknown}
Comestibles
 c - 5 rations


   Skills:
 + Level 2.4 Fighting
 + Level 4.0(4.5) Maces & Flails
 + Level 3.0(4.0) Staves
 + Level 3.9 Dodging
 + Level 5.7 Stealth
 * Level 5.6 Unarmed Combat
 + Level 4.0 Spellcasting
 * Level 5.7 Transmutations
 + Level 0.4 Poison Magic
 + Level 0.5 Evocations


You had 3 spell levels left.
You knew the following spells:

 Your Spells              Type           Power        Failure   Level  Hunger
a - Beastly Appendage     Tmut           ####..       17%         1    None
b - Spider Form           Tmut/Pois      ###.......   50%         3    ###....
c - Ice Form              Ice/Tmut       ##......     80%         4    ####...
d - Blade Hands           Tmut           ####......   77%         5    ######.

Your spell library contained the following spells:

 Spells                   Type           Power        Failure   Level  Hunger
 Sticks to Snakes         Tmut           ####....     21%         2    ##.....


Dungeon Overview and Level Annotations

Branches:
Dungeon (7/15)             Temple (1/1) D:4

Altars:
Ashenzari
Cheibriados
Dithmenos
Elyvilon
Fedhas
Gozag
Kikubaaqudgha
Makhleb
Nemelex Xobeh
Okawaru
Ru
Uskayaw
Vehumet
Xom
The Shining One


Innate Abilities, Weirdness & Mutations

You cannot wear most types of armour.
You are very stealthy in the water. (Stealth+)
You are amphibious.
You can wear up to eight rings at the same time.
You can use your tentacles to constrict eight enemies at once.
Your skin changes colour to match your surroundings (Stealth+).
Your rubbery body absorbs attacks. (AC +1, EV +1)


Message History

You kill the gnoll!
Things that are here:
7 gold pieces; a +0 flail
Things that are here:
5 gold pieces; a +0 halberd Your transformation is almost over.
Evoke which item? (* to show all) (? for menu, Esc to quit)
Aiming: Paralyse
Press: ? - help, Shift-Dir - straight line, f - sky beast
Aim: a sky beast (chance to defeat MR: 47%)
The sky beast resists with some effort.
Evoke which item? (* to show all) (? for menu, Esc to quit)
Aiming: Paralyse
Press: ? - help, Shift-Dir - straight line, f/p - sky beast
Aim: a sky beast (chance to defeat MR: 47%)
The sky beast resists with some effort.
The sky beast hits you.
* * * LOW HITPOINT WARNING * * *
The sky beast shocks you.
You die...
Your body crumbles into a pile of gold.

#.......## #.######. #.####...#
#.# #. ######.#..#...## #.# #.
.......#..#._..########'#### #O
.......#((#..[.............# #.
.......####...###.......[..# #.
.............## #..........# #.
..$......$#######..........# #.
.g.....>..$$$Y@.+..........# #.
..........#######..........###.
..........# #####+#+####...
..........# #..<# #)..
#######+#.# ##.## #... #.#
######.#####... ...
................ #.#
##.#####.####### #+#


You could see a sky beast.

Vanquished Creatures
  Harold (D:7)
  Sigmund (D:3)
  A sky beast (D:5)
  An ogre (D:7)
  2 scorpions
  3 wights (D:6)
  2 crimson imps (D:5)
  A bullfrog zombie (D:5)
  A centaur zombie (D:5)
  4 orc priests
  An orc wizard (D:3)
  Crazy Yiuf (D:2)
  A bullfrog skeleton (D:5)
  Ijyb (D:4)
  2 worker ants
  4 gnolls (D:7)
  9 adders
  2 worms (D:2)
  2 dart slugs
  2 leopard geckos
  17 orcs
  A ball python (D:3)
  A bat zombie (D:5)
  6 giant cockroaches
  12 hobgoblins
  2 quokkas
  12 bats
  5 frilled lizards
  A giant cockroach zombie (D:5)
  6 goblins
  8 kobolds
  A quokka skeleton (D:6)
  12 rats
  3 rat zombies (D:5)
129 creatures vanquished.

Notes
Turn   | Place    | Note
-------+----------+-------------------------------------------
     0 | D:1      | Snicker the Octopode Transmuter began the quest for the
                  | Orb.
     0 | D:1      | Reached XP level 1. HP: 13/13 MP: 3/3
   333 | D:1      | Reached XP level 2. HP: 18/18 MP: 3/5
   974 | D:1      | Reached XP level 3. HP: 13/23 MP: 4/6
   984 | D:1      | Learned a level 3 spell: Spider Form
  1824 | D:2      | Found a runed translucent door.
  1825 | D:2      | Noticed Crazy Yiuf
  1834 | D:2      | Killed Crazy Yiuf
  1834 | D:2      | Reached skill level 1 in Stealth
  1834 | D:2      | Reached XP level 4. HP: 28/28 MP: 3/7
  2332 | D:2      | Reached XP level 5. HP: 28/33 MP: 6/8
  2658 | D:2      | Learned a level 4 spell: Ice Form
  3447 | D:3      | Reached XP level 6. HP: 14/38 MP: 10/10
  3673 | D:3      | Reached skill level 1 in Staves
  4396 | D:3      | Noticed Sigmund
  4408 | D:3      | Killed Sigmund
  4408 | D:3      | Reached XP level 7. HP: 31/44 MP: 11/11
  4543 | D:3      | Found a white marble altar of Elyvilon.
  4900 | D:4      | Noticed Ijyb
  4910 | D:4      | Killed Ijyb
  5002 | D:4      | Found a staircase to the Ecumenical Temple.
  5015 | Temple   | Entered the Ecumenical Temple
  5083 | Temple   | Became a worshipper of Gozag Ym Sagoz the Greedy
  5123 | D:4      | Found an iron altar of Okawaru.
  5124 | D:4      | Found a radiant altar of Vehumet.
  5125 | D:4      | Found a glowing golden altar of the Shining One.
  5125 | D:4      | Found a sparkling altar of Nemelex Xobeh.
  5125 | D:4      | Found a burning altar of Makhleb.
  5676 | D:4      | Got a bloodstained mace
  5677 | D:4      | Identified the +9 mace "Wasyseh" {freeze, rPois Str+4} (You
                  | found it on level 4 of the Dungeon)
  6439 | D:5      | Entered Level 5 of the Dungeon
  6524 | D:5      | Reached skill level 1 in Maces & Flails
  6668 | D:5      | Found an ancient bone altar of Kikubaaqudgha.
  7368 | D:5      | Reached XP level 8. HP: 40/50 MP: 10/13
  7640 | D:5      | Found a shadowy altar of Dithmenos.
  7996 | D:6      | Reached skill level 5 in Transmutations
  8279 | D:7      | Got a smouldering hat
  8285 | D:7      | Identified the cursed -1 hat "Weru" {+Inv rF- Dex+4} (You
                  | found it on level 7 of the Dungeon)
  8285 | D:7      | Noticed Harold
  8301 | D:7      | Killed Harold
  8301 | D:7      | Reached skill level 5 in Stealth
  8301 | D:7      | Reached skill level 5 in Unarmed Combat
  8301 | D:7      | Reached XP level 9. HP: 21/55 MP: 11/15
  8496 | D:7      | Found a hide-covered altar of Uskayaw.
  8503 | D:7      | Learned a level 5 spell: Blade Hands
  8506 | D:7      | Noticed a +0 dagger
  8506 | D:7      | Noticed a +0 dagger
  8543 | D:7      | Slain by a sky beast

Illustrated notes

Levels and vault maps discovered:
D:1:      dpeg_arrival_court, layout_basic, patterned_corridor
D:2:      layout_loops_corners, uniq_crazy_yiuf_cottage
D:3:      layout_rooms, cheibrodos_sewer_entry_sluice, elyvilon_altar_3,
          uniq_sigmund
D:4:      layout_loops_ring, grunt_temple_overflow_open,
          minmay_temple_entry_mini_moons, uniq_ijyb
D:5:      layout_loops_cross, lemuel_zombie_altar_kikubaaqudgha,
          nicolae_overflow_crystal_walls, first_ration, hangedman_decor_points,
          minivault_26
D:6:      layout_cave_pools, grunt_qazlal_sundering,
          lemuel_coloured_pillars_altar, serial_shops, shop, uniq_edmund,
          uniq_duvessa, uniq_menkaure
D:7:      layout_basic, dancing_weapons_uskayaw, lemuel_doored_altar,
          uniq_prince_ribbit1, uniq_harold
Temple:   dpeg_three_leaves_temple

Skill      XL: |  1  2  3  4  5  6  7  8  9 |
---------------+----------------------------+-----
Stealth        | 1 2 3 5 |  5.7
Transmutations | 3 4 5 |  5.7
Unarmed Combat | 4 5 |  5.6
Staves         | 2 3 |  3.0
Spellcasting   | 3 4 |  4.0
Dodging        | 3 |  3.9
Maces & Flails | 1 3 4 |  4.0
Fighting       | 2 |  2.4
Poison Magic   | |  0.4
Evocations     | |  0.5

Action                   |  1- 3 |  4- 6 |  7- 9 || total
-------------------------+-------+-------+-------++-------
Melee: Unarmed           |    77 |       |    27 ||   104
       Constrict         |    21 |    24 |    18 ||    63
       Kick              |    10 |    16 |    24 ||    50
       Tentacles         |     7 |    13 |    16 ||    36
       Punch             |     1 |     2 |     3 ||     6
       Quarterstaff      |       |   101 |    23 ||   124
       Mace              |       |       |    58 ||    58
Throw: Dart              |       |       |     2 ||     2
 Cast: Beastly Appendage |    17 |    22 |    17 ||    56
       Spider Form       |     1 |       |     3 ||     4
       Blade Hands       |       |       |     1 ||     1
 Abil: Evoke Invisibilit |       |       |     1 ||     1
Evoke: Wand              |       |       |     2 ||     2
  Use: Potion            |       |     1 |     2 ||     3
       Scroll            |       |       |     3 ||     3
 Stab: Sleeping          |     5 |     9 |     4 ||    18
       Distracted        |       |     1 |     1 ||     2
       Invisible         |       |       |     3 ||     3
  Eat: Chunk             |     3 |     4 |       ||     7
       Ration            |       |     2 |     3 ||     5
Armor: Skin              |     8 |    11 |     2 ||    21
Dodge: Dodged            |    55 |    93 |    66 ||   214
